 Dungeon Crawl Stone Soup version 0.18.1-50-g88ac8fd (webtiles) character file.

373 Gargoyl the Agent of Entropy (level 6, -3/72 HPs)
             Began as a Demonspawn Abyssal Knight on Oct 29, 2016.
             Was a Priest of Lugonu.
             Killed from afar by an orc wizard (14 damage)
             ... with a puff of flame
             ... on level 5 of the Dungeon.
             The game lasted 00:08:00 (4918 turns).

Gargoyl the Agent of Entropy (DsAK)                 Turns: 4918, Time: 00:08:02

Health: -3/72      AC: 23    Str: 17 (19) XL:     6   Next: 43%
Magic:  9/9        EV:  2    Int: 13      God:    Lugonu [***...]
Gold:   280        SH:  7    Dex: 18 (20) Spells: 0 memorised, 5 levels left

rFire  . . .     SeeInvis +     q - +0 war axe
rCold  . . .     Gourm    .     (armour currently unavailable)
rNeg   + + +     Faith    .     w - +0 shield
rPois  +         Spirit   .     (helmet currently unavailable)
rElec  .         Dismiss  .     (cloak currently unavailable)
rCorr  .         Reflect  .     (gloves currently unavailable)
SustAt .         Harm     .     (boots currently unavailable)
MR     .....     NoTele   +     (no amulet)
Stlth  +++.......               (no ring)
                                (no ring)

@: mighty, agile, tree-form, very slightly contaminated, invisible, not
resistant to hostile enchantments, fairly stealthy
A: (hooves 0), see invisible, agile 1
a: Depart the Abyss, Bend Space, Banish, Renounce Religion


You were on level 5 of the Dungeon.
You worshipped Lugonu.
Lugonu was most pleased with you.
You were not hungry.
You were a tree.
You visited 1 branch of the dungeon, and saw 5 of its levels.
You visited the Abyss 1 time.

You collected 280 gold pieces.

Inventory:

Hand Weapons
 a - a +1 hand axe
 f - a +2 spear of venom
 q - a +0 war axe (weapon)
Missiles
 p - 5 javelins of penetration (quivered)
Armour
 b - a +0 pair of gloves (melded)
 m - a +0 ring mail (melded)
 w - a +0 shield (worn)
 x - a +0 pair of boots (melded)
 A - a +0 cloak (melded)
Wands
 y - a wand of lightning (8/15)
Scrolls
 e - a scroll of enchant armour {unknown}
 g - 2 scrolls of teleportation {unknown}
 h - 6 scrolls of remove curse
 i - 2 scrolls of identify
 l - a scroll of magic mapping {unknown}
 s - a scroll of random uselessness {unknown}
 z - a scroll of recharging {unknown}
Potions
 k - 3 potions of degeneration
 u - 2 potions of lignification
Comestibles
 c - 3 bread rations
 d - 5 fruits
 o - 3 meat rations
 v - a slice of pizza
 C - a chunk of flesh


   Skills:
 + Level 4.1 Fighting
 + Level 2.3(2.4) Axes
 + Level 0.6(1.6) Polearms
 * Level 3.4 Armour
 + Level 3.1 Dodging
 * Level 4.4 Invocations


You had 5 spell levels left.
You didn't know any spells.

Dungeon Overview and Level Annotations

Branches:
Dungeon (5/15)
 Temple: D:4-7

Altars:
Vehumet
Zin

Annotations:
D:5 Blork the orc


Innate Abilities, Weirdness & Mutations

((You have hoof-like feet.))
You have supernaturally acute eyesight.
You are agile. (Dex +2)


Message History

* * * LOW HITPOINT WARNING * * *
Drink which item? (? for menu, Esc to quit)
You feel very mighty all of a sudden.
Blork the orc hits you but does no damage.
The orc wizard hits you but does no damage.
The centaur hits you but does no damage.
The orc hits you but does no damage.
You hit Blork the orc.
Blork the orc is heavily wounded.
You closely miss the centaur.
The centaur is severely wounded.
You completely miss the orc.
The orc is lightly wounded.
You closely miss the orc wizard.
The orc wizard is almost dead.
You block the orc wizard's attack. Blork the orc hits you with a mace.
* * * LOW HITPOINT WARNING * * *
The orc wizard points at you and mumbles some strange words.
Helpless, you fail to dodge the puff of flame.
You die...

......# .####.#
.........# ....#.#
..........# ....#.#
..........# ....#.#
..........# ....#.#
..........# ....#.#
..........# .#..#.#
.......o..# ....#.#
......co♣.# .#.##.#
.......(o.+
.#.##.#########..(##
.......#.§.§..#...>#
.#.##..#.≈≈.≈.#...###
.#.##..'..≈.≈.'.....#
#(.'.≈.≈..'.###.#
#.##.§.≈≈.### .#
#.##......# #


You could see Blork the orc, a centaur (wandering), an orc wizard (invisible)
and an orc (wandering).

Vanquished Creatures
  A scorpion (D:4)
  A howler monkey (D:4)
  Natasha (thrice) (D:2)
  A howler monkey skeleton (D:4)
  3 adders
  A shadow imp (D:4)
  2 oozes
  A worm (D:5)
  2 dart slugs (D:1)
  2 giant geckos
  7 orcs
  3 giant cockroaches
  13 goblins
  13 hobgoblins
  5 jackals (D:2)
  2 quokkas (D:2)
  2 ball pythons
  7 bats
  6 giant newts
  9 kobolds
  2 quokka skeletons
  7 rats
93 creatures vanquished.

Vanquished Creatures (others)
  An ogre (D:4)
1 creature vanquished.

Grand Total: 94 creatures vanquished

Notes
Turn   | Place    | Note
--------------------------------------------------------------
     0 | Abyss:1  | Gargoyl the Demonspawn Abyssal Knight began the quest for the Orb.
     0 | Abyss:1  | Reached XP level 1. HP: 18/18 MP: 2/2
     1 | Abyss:1  | Found a corrupted altar of Lugonu.
    30 | Abyss:1  | Noticed a shining eye
    55 | Abyss:1  | Noticed a wraith
    86 | Abyss:2  | Noticed a sky beast
   100 | D:1      | Escaped the Abyss
   581 | D:1      | Gained mutation: You have large cloven feet. [demonic ancestry]
   581 | D:1      | Reached XP level 2. HP: 22/24 MP: 4/4
   717 | D:1      | Reached * piety under Lugonu
   904 | D:1      | Reached skill level 1 in Dodging
  1168 | D:2      | Gained mutation: You have hoof-like feet. [demonic ancestry]
  1168 | D:2      | Reached XP level 3. HP: 28/29 MP: 5/5
  1223 | D:2      | Found a glowing silver altar of Zin.
  1553 | D:2      | Reached ** piety under Lugonu
  1564 | D:2      | Noticed Natasha
  1581 | D:2      | Killed Natasha
  1581 | D:2      | Reached XP level 4. HP: 22/37 MP: 6/6
  1950 | D:2      | Noticed Natasha
  1956 | D:2      | Killed Natasha
  2086 | D:2      | Noticed Natasha
  2090 | D:2      | Killed Natasha
  2090 | D:2      | Reached XP level 5. HP: 26/42 MP: 7/7
  2410 | D:3      | Reached *** piety under Lugonu
  2866 | D:3      | Found a radiant altar of Vehumet.
  3346 | D:4      | HP: 2/42 [poisoned by an adder]
  3751 | D:4      | Reached XP level 6. HP: 16/48 MP: 7/9
  4366 | D:5      | Entered Level 5 of the Dungeon
  4895 | D:5      | Noticed Blork the orc
  4906 | D:5      | Gained mutation: You have supernaturally acute eyesight. [potion of beneficial mutation]
  4916 | D:5      | Gained mutation: You are agile. (Dex +2) [potion of beneficial mutation]
  4918 | D:5      | Killed from afar by an orc wizard

Skill      XL: |  1  2  3  4  5  6 |
---------------+-------------------+-----
Armour         | 2 3 |  3.4
Dodging        | 1 2 3 |  3.1
Axes           | 2 |  2.3
Invocations    | 3 4 |  4.4
Fighting       | 4 |  4.1
Polearms       | |  0.6

Action                   |  1- 3 |  4- 6 || total
-------------------------+-------+-------++-------
Melee: Spear             |   121 |    61 ||   182
       Kick              |    21 |    20 ||    41
       War axe           |       |   147 ||   147
Invok: Depart the Abyss  |     1 |       ||     1
       Banish            |       |     1 ||     1
  Use: Scroll            |       |     3 ||     3
       Potion            |       |    10 ||    10
 Stab: Invisible         |       |     1 ||     1
  Eat: Chunk             |     2 |     8 ||    10
       Bread ration      |       |     1 ||     1
Armor: Leather armour    |     6 |       ||     6
       Ring mail         |    43 |   120 ||   163
       Skin              |       |    40 ||    40
Dodge: Dodged            |    65 |   135 ||   200
Block: Shield            |       |    44 ||    44
